 Dungeon Crawl Stone Soup version 0.31-a0-879-g1609e0ac53 (webtiles) character file.

Game seed: 2401417200669428858

9 protoss039 the Digger (level 2, 20/20 HPs)
             Began as a Demonspawn Earth Elementalist on Oct 14, 2023.
             Got out of the dungeon alive.
             The game lasted 00:00:25 (323 turns).

protoss039 the Digger (DsEE)                         Turns: 323, Time: 00:00:25

Health: 20/20      AC:  2    Str:  8    XL:     2   Next: 3%
Magic:  5/5        EV: 12    Int: 16    God:
Gold:   10         SH:  0    Dex: 13    Spells: 4/5 levels left

rFire   . . .        d - +0 dagger
rCold   . . .        (no shield)
rNeg    . . .        a - +0 robe
rPois   .            (no helmet)
rElec   .            (no cloak)
rCorr   .            (no gloves)
SInv    .            (no boots)
Will    .....        (no amulet)
Stlth   ++           (no ring)
HPRegen 0.23/turn    (no ring)
MPRegen 0.09/turn

%: no passive effects
@: no status effects
A: spiny 1
a: no special abilities


You escaped.
You visited 1 branch of the dungeon, and saw 1 of its levels.

You collected 10 gold pieces.

Inventory:

Hand Weapons
 d - a +0 dagger (weapon)
Armour
 a - a +0 robe (worn)
Scrolls
 c - 2 scrolls of teleportation {unknown}
Potions
 b - a potion of magic


   Skills:
 + Level 0.8 Fighting
 - Level 1.7 Dodging
 - Level 1.7 Stealth
 + Level 2.2 Spellcasting
 - Level 0.8 Transmutations
 + Level 2.9 Earth Magic


You had 4 spell levels left.
You knew the following spells:

 Your Spells              Type           Power      Damage    Failure   Level
a - Sandblast             Erth           22%        2d7       6%          1

Your spell library contained the following spells:

 Spells                   Type           Power      Damage    Failure   Level
 Passwall                 Tmut/Erth      5%         N/A       14%         2
 Stone Arrow              Conj/Erth      12%        3d7       32%         3
 Petrify                  Tmut/Erth      7%         N/A       67%         4
 Brom's Barrelling Bould  Conj/Erth      6%         2d3       73%         4


Dungeon Overview and Level Annotations

Branches:
Dungeon (1/15) Zot: 5673

Altars:


Innate Abilities, Weirdness & Mutations

You are partially covered in sharp spines.


Message History

You see here a +0 dagger.
You barely miss the bat. The bat barely misses you.
You closely miss the bat. The bat hits you but does no damage.
Your magical contamination has completely faded away.
The bat barely misses you. x2
You miss the bat. The bat hits you but does no damage.
The bat hits you but does no damage. The bat hits you. x2
You barely miss the bat. The bat closely misses you. The bat misses you.
The bat barely misses you.
You barely miss the bat. The bat misses you.
The bat hits you but does no damage.
You hit the bat.
The bat is moderately wounded.
The bat misses you.
Casting: Sandblast (safe; 6% risk of failure)
Confirm with . or Enter, or press ? or * to list all spells.
Aiming: Sandblast (safe; 6% risk of failure)
Press: ? - help, Shift-Dir - straight line, f/p - bat
Aim: a bat (moderately wounded, 73% to hit)
The blast of sand hits the bat but does no damage.
The bat is moderately wounded.
The bat hits you. The bat closely misses you.
Unknown command.
A bat is nearby!
You closely miss the bat.
The bat is moderately wounded.
The bat barely misses you.
You hit the bat.
The bat is severely wounded.
The bat barely misses you. The bat hits you but does no damage.
You hit the bat.
You kill the bat!
You have reached level 2!
Your demonic ancestry asserts itself...
Sharp spines emerge from parts of your body.
Unknown command.
You open the door.
There is an open door here.
There is a staircase leading out of the dungeon here.
You have escaped!

###.# ###.............### .....
##.................## .....
##......####.........## ...#
##.....########........## ...#
#.....###....####.......# ...#
##....##........###......##
...#.#....###...###...##.......#
...#.#....##...###'#..###......##
.....#....##..##@.###..##.......#
...###....###..##.###..###......#
...†.##....##.....##...###..(...#
.....###....#######....##........
#....# #......####....###........
####.# ##............## #........
#.# ####......#### ##........ #.#
######## #.....>... #.# ###
#.........


There were no monsters in sight!

Vanquished Creatures
  A dart slug (D:1)
  3 bats (D:1)
  A giant cockroach (D:1)
  A frilled lizard (D:1)
  A goblin (D:1)
7 creatures vanquished.

Notes
Turn   | Place    | Note
-------+----------+-------------------------------------------
     0 | D:1      | protoss039 the Demonspawn Earth Elementalist began the
                  | quest for the Orb.
     0 | D:1      | Reached XP level 1. HP: 13/13 MP: 3/3
   225 | D:1      | Gained mutation: You are partially covered in sharp spines.
                  | [demonic ancestry]
   225 | D:1      | Reached XP level 2. HP: 19/20 MP: 0/5
   323 | D:$      | Got out of the dungeon alive.

Illustrated notes

Levels and vault maps discovered:
D:1:      dpeg_arrival_snail, layout_basic

Action                     || total
---------------------------++-------
  Melee: Dagger            ||    21
   Cast: Sandblast         ||     8
 Armour: Robe              ||    22
  Dodge: Dodged            ||    22

Table legend: (Time is in decaauts)
 A = Elapsed time spent in this place.
 B = Non-inter-level travel time spent in this place.
 C = Inter-level travel time spent in this place.
 D = Time resting spent in this place.
 E = Time spent auto-exploring this place.
 F = Levels seen in this place.
 G = Mean time per level.
                   A        B        C        D        E       F      G
               +--------+--------+--------+--------+--------+-----+--------+
         Total |    326 |    229 |     97 |      0 |    170 |   1 |  326.0 |
       Dungeon |    326 |    229 |     97 |      0 |    170 |   1 |  326.0 |
               +--------+--------+--------+--------+--------+-----+--------+

Top non-repeatable levels by time:
     D:1: 326 daAuts
